AoeStats
← Jayhawk5617

Arena

510546592Analyzed
2v2 RM · 17h ago on Oct 1, 2026· 61m 39s· 4 players
Game mode
Random Map
Map size
Medium (4 player)
Population
200
Speed
Normal
Resources
Standard
Victory
Conquest
Starting age
Dark Age
Ending age
Imperial Age
RankedLock teamsTeams togetherTeam positionsShared explorationLock speedFull tech treeHidden civsTurbo modeCheats
Victory
Defeat
🇺🇸 Vietnamese · United States
892
+17
🇹🇼 Spanish · Taiwan
874
+18
🇨🇳 Italians · China
963
-20
🇨🇳 Ethiopians · China
856
-15
Jayhawk5617
11:34 Feudal Age
15:53 Castle Age
15:38 Double-Bit Axe
16:52 Wheelbarrow
16:59 Bow Saw
16:58 Loom
17:34 Horse Collar
18:49 Stone Mining
24:50 Gold Mining
24:52 Town Watch
26:09 Heavy Plow
26:09 Heavy Plow
29:37 Hand Cart
32:53 Imperial Age
32:22 Stone Shaft Mining
31:37 Treadmill Crane
32:12 Scale Barding Armor
32:17 Forging
32:35 Masonry
32:46 Husbandry
33:11 Bloodlines
33:25 Chain Barding Armor
33:41 Iron Casting
33:03 Elite Battle Elephant
33:47 Chatras
34:24 Town Patrol
35:05 Plate Barding Armor
39:01 Fletching
39:34 Ballistics
39:51 Bodkin Arrow
42:32 Bracer
43:16 Siege Engineers
43:54 Light Cavalry
47:40 Crop Rotation
51:49 Chemistry
56:25 Paper Money
56:46 Hoardings
clf730928
2:03 Loom
12:10 Feudal Age
17:36 Castle Age
15:55 Stone Mining
16:40 Double-Bit Axe
16:42 Horse Collar
20:00 Sanctity
21:29 Sanctity
23:37 Fervor
23:43 Town Watch
25:07 Wheelbarrow
28:08 Fletching
28:18 Padded Archer Armor
29:05 Bow Saw
28:59 Heavy Plow
33:05 Imperial Age
31:03 Hand Cart
30:46 Bodkin Arrow
31:06 Leather Archer Armor
32:10 Forging
32:06 Scale Barding Armor
32:37 Thumb Ring
31:54 Elite Skirmisher
33:51 Iron Casting
33:17 Cavalier
34:33 Bloodlines
34:23 Husbandry
38:02 Hoardings
39:25 Two-Man Saw
40:06 Bracer
40:36 Ring Archer Armor
41:07 Blast Furnace
40:27 Chain Barding Armor
40:08 Scale Mail Armor
39:55 Imperial Skirmisher
42:36 Paladin
44:08 Conscription
44:08 Supremacy
46:32 Gold Mining
47:18 Stone Shaft Mining
47:03 Chain Mail Armor
47:23 Plate Barding Armor
48:38 Chemistry
47:58 Ballistics
47:34 Murder Holes
47:49 Masonry
50:11 Bombard Tower
50:02 Fortified Wall
50:19 Light Cavalry
55:00 Plate Mail Armor
hrx.com
0:28 Loom
11:32 Feudal Age
16:20 Castle Age
15:29 Double-Bit Axe
19:57 Bow Saw
22:06 Fervor
23:23 Wheelbarrow
28:27 Imperial Age
27:27 Hand Cart
26:59 Town Watch
27:22 Crossbowman
30:58 Chemistry
30:10 Fortified Wall
31:01 Arbalester
31:47 Thumb Ring
31:57 Town Patrol
34:00 Two-Man Saw
32:42 Horse Collar
32:56 Fletching
33:12 Scale Barding Armor
33:10 Husbandry
32:32 Light Cavalry
33:21 Stone Mining
34:42 Stone Shaft Mining
33:59 Gold Mining
34:12 Bodkin Arrow
35:54 Thumb Ring
35:55 Heavy Plow
36:30 Ballistics
36:10 Murder Holes
37:02 Gold Shaft Mining
37:37 Bracer
37:57 Chain Barding Armor
37:38 Padded Archer Armor
38:27 Siege Engineers
39:34 Onager
41:49 Siege Onager
41:51 Siege Onager
44:46 Heavy Scorpion
56:36 Elite Skirmisher
hrxexe
10:31 Feudal Age
14:25 Castle Age
12:59 Double-Bit Axe
16:17 Bow Saw
19:45 Loom
20:46 Wheelbarrow
21:25 Gold Mining
21:19 Horse Collar
26:48 Imperial Age
24:37 Hand Cart
26:58 Town Watch
28:41 Chemistry
28:29 Fletching
28:39 Padded Archer Armor
29:02 Stone Mining
29:15 Town Patrol
30:28 Squires
30:56 Leather Archer Armor
30:31 Fletching
30:45 Scale Mail Armor
30:55 Forging
30:11 Light Cavalry
31:02 Bloodlines
30:52 Husbandry
31:01 Scale Barding Armor
31:29 Hussar
33:14 Chain Barding Armor
33:30 Iron Casting
33:12 Leather Archer Armor
33:50 Chain Mail Armor
34:55 Elite Genoese Crossbowman
36:50 Ring Archer Armor
36:10 Fletching
36:44 Murder Holes
38:18 Bodkin Arrow
39:01 Bracer
40:06 Conscription
39:45 Elite Genoese Crossbowman
41:36 Silk Road
44:19 Hoardings
50:26 Blast Furnace
50:02 Plate Barding Armor
53:30 Ballistics
53:23 Fortified Wall
52:59 Arrowslits
Connection lost

Rejoining the realm…

Still unreachable

The connection could not be restored.

Session expired

The server has moved on; the page needs a fresh start.